 Dungeon Crawl Stone Soup version 0.32-a0-913-g739538afd8 (webtiles) character file.

Game seed: 16682641151260788094

36114 spaghetti the Warrior (level 13, -11/153 HPs)
             Began as an Oni Berserker on Apr 9, 2024.
             Was a Priest of Trog.
             Mangled by a two-headed ogre
             ... wielding a +0 giant spiked club
              (18 damage)
             ... on level 2 of the Orcish Mines.
             The game lasted 00:17:46 (11909 turns).

spaghetti the Warrior (Oni Berserker)              Turns: 11909, Time: 00:17:46

Health: -11/153    AC: 12    Str: 31    XL:     13   Next: 88%
Magic:  13/13      EV: 11    Int: 12    God:    Trog [***...]
Gold:   1153       SH:  0    Dex:  9    Spells: 12/12 levels left

rFire   + . .        L - +3 great mace (heavy)
rCold   + . .        (shield currently unavailable)
rNeg    . . .        Q - +0 acid dragon scales
rPois   +            (helmet restricted)
rElec   .            e - +2 cloak {rPois}
rCorr   +            (gloves unavailable)
SInv    .            (boots unavailable)
Will    ++...        k - amulet of regeneration
Stlth   +            z - ring "Doinufir" {Wiz rF+ Str+7 Int+4 Dex-3}
HPRegen 1.25/turn    F - ring "Kukyseh" {rC+ Will+ rCorr Slay+3}
MPRegen 0.13/turn

%: wizardry (x1)
@: mighty, on berserk cooldown, slowed, very slow
A: large, unfitting armour, horns 1, tough skin 1, double potion healing,
drunken brawling, iridescent scales 1, sense surroundings 1, wild magic 1
a: Renounce Religion, Berserk, Trog's Hand


You were on level 2 of the Orcish Mines.
You worshipped Trog.
Trog was most pleased with you.
You visited 2 branches of the dungeon, and saw 17 of its levels.
You also visited: Sewer.

You collected 1153 gold pieces.

Inventory:

Hand Weapons
 o - a +0 morningstar of venom
 v - a +0 giant club
 L - a +3 heavy great mace (weapon)
 U - a +0 giant spiked club
Missiles
 V - 2 large rocks
Armour
 b - a +1 animal skin
 e - a +2 cloak of poison resistance (worn)
 Q - +0 acid dragon scales (worn)
Jewellery
 h - a +6 ring of dexterity
 k - an amulet of regeneration (around neck)
 l - the ring of Etur {+Blink rC+ Dex+4}
   (You found it in a sewer)

   [ring of protection from cold]

   Dex+4:     It affects your dexterity (+4).
   rC+:       It protects you from cold.
   +Blink:    It lets you blink.
 q - a ring of fire
 u - a ring of ice
 x - a +6 ring of intelligence
 z - the ring "Doinufir" (left hand) {Wiz rF+ Str+7 Int+4 Dex-3}
   (You found it on level 8 of the Dungeon)

   [ring of wizardry]

   Wiz:       It improves your spell success rate.
   Str+7:     It affects your strength (+7).
   Int+4:     It affects your intelligence (+4).
   Dex-3:     It affects your dexterity (-3).
   rF+:       It protects you from fire.
 F - the ring "Kukyseh" (right hand) {rC+ Will+ rCorr Slay+3}
   (You found it on level 10 of the Dungeon)

   [ring of protection from cold]

   Slay+3:    It affects your accuracy & damage with ranged weapons and melee
   (+3).
   rC+:       It protects you from cold.
   Will+:     It increases your willpower.
   rCorr:     It protects you from acid and corrosion.
 M - a ring of positive energy
 T - an amulet of reflection
Wands
 i - a wand of flame (64)
 y - a wand of warping (9)
 A - a wand of digging (1)
 E - a wand of polymorph (5)
Scrolls
 c - a scroll of blinking
 f - 3 scrolls of noise
 g - 5 scrolls of immolation
 j - 6 scrolls of poison
 m - 2 scrolls of vulnerability
 n - 2 scrolls of fog
 r - a scroll of enchant armour
 s - 6 scrolls of teleportation
 D - 2 scrolls of enchant weapon
 K - a scroll of fear
 P - a scroll of identify
Potions
 d - a potion of degeneration
 p - 2 potions of attraction
 w - 2 potions of curing
 B - 3 potions of mutation
 J - 2 potions of lignification
 R - 2 potions of cancellation
 S - a potion of enlightenment
Miscellaneous
 G - a phantom mirror (inert)
 H - a lightning rod (4/4)
 N - a condenser vane (inert)
 O - a box of beasts (inert)


   Skills:
 + Level 16.2 Fighting
 - Level 16.0 Maces & Flails
 + Level 11.8 Dodging


You had 12 spell levels left.
You didn't know any spells.
Your spell library contained the following spells:

 Spells                   Type           Power      Damage    Failure   Level
 Blink                    Tloc           0%         N/A       30%         2
 Lesser Beckoning         Tloc           0%         N/A       30%         2
 Momentum Strike          Conj/Tloc      0%         3d8       30%         2


Dungeon Overview and Level Annotations

Branches:
Dungeon (15/15)            Temple (0/1) D:4            Lair (0/5) D:11
    Orc (2/2) D:10         Vaults (0/5) D:14          Sewer (visited)
    Elf: Orc:2       Depths: D:15

Altars:
Ashenzari
Cheibriados
Gozag
Hepliaklqana
Kikubaaqudgha
Qazlal
Ru
Sif Muna
Trog
Vehumet
Wu Jian
Xom
Zin
The Shining One

Shops:
D:12 (

Annotations:
D:7 exclusion: door


Innate Abilities, Weirdness & Mutations

You are too large for most types of armour.
You have a pair of small horns on your head.
You have tough skin. (AC +1)
You gain doubled healing and magic from potions.
Whenever you drink a healing potion, you attack all around you.
You are partially covered in iridescent scales. (AC +2)
You passively map a small area around you.
Your spells are a little harder to cast, but a little more powerful.


Message History

You bludgeon the orc wizard!!
You kill the orc wizard!
Trog accepts your kill.
Trog appreciates your killing of a magic user.
You flicker back into view.
The troll shouts!
The ogre barely misses you.
An ogre comes into view. It is wielding a +0 giant spiked club.
The two-headed ogre misses you.
The two-headed ogre hits you with a +0 giant club.
A troll comes into view.
The ogre hits you but does no damage.
Unknown command.
Unknown command.
The ogre shouts!
You sock the two-headed ogre! You headbutt the two-headed ogre!!
The two-headed ogre is heavily wounded.
You hear a shout!
The two-headed ogre barely misses you. The two-headed ogre closely misses you.
The ogre hits you with a +0 giant spiked club!!
A troll comes into view.
You hear a shout!
Unknown command.
Unknown command.
Unknown command.
You sock the two-headed ogre! You headbutt the two-headed ogre!
The two-headed ogre is almost dead.
The two-headed ogre completely misses you.
The two-headed ogre hits you with a +0 giant club!!
* * * LOW HITPOINT WARNING * * *
The ogre hits you with a +0 giant spiked club!
* * * LOW HITPOINT WARNING * * *
The troll bites you.
* * * LOW HITPOINT WARNING * * *
The troll claws you.
* * * LOW HITPOINT WARNING * * *
The troll claws you.
* * * LOW HITPOINT WARNING * * *
The two-headed ogre hits you with a +0 giant spiked club!!
You die...

............... ,
,.............#, , ,,
O.....O......####
o...O..T........## * ...
,,
.......O.TOO.....####....
#...O...O.....#.#...... ,
#.......#o.OT.........# ,
#...O..####O..........#.,
,
#.......##.@OC...........
,
##..##.##..$T...#........
#..
#####.#...............#
##. ###....#.....#..... #
##..#............ ###
#####...........
##.######.#.....#.....
#...#..#..............
##....................


You could see a two-headed ogre, a cyclops, 2 trolls and 2 ogres.

Vanquished Creatures
  Josephine (D:11)
  An ogre mage (Orc:2)
  A hydra (D:13)
  6 two-headed ogres
  Erica (D:11)
  A centaur warrior (D:13)
  4 boulder beetles
  A death knight (D:15)
  Urug (D:11)
  2 tengu warriors
  A deep troll (Orc:2)
  An arcanist (D:14)
  2 manticores
  10 ugly things
  2 cyclopes
  Maurice (D:11)
  A meliai (D:14)
  2 gargoyles
  An unseen horror (D:12)
  A komodo dragon (D:11)
  A yaktaur (D:10)
  3 tengu conjurers
  Psyche (D:8)
  A queen bee (shapeshifter) (D:13)
  A troll (shapeshifter) (D:13)
  2 trolls
  2 hornets (D:10)
  A raiju (shapeshifter) (D:15)
  Grinder (D:4)
  2 water elementals
  2 shadows
  A wyvern (D:11)
  A vampire (D:9)
  5 yaks (D:11)
  2 wraiths (D:11)
  A fire bat (shapeshifter) (D:13)
  A warg (Orc:1)
  Eustachio (D:6)
  3 vampire mosquitoes (D:14)
  A steam dragon (D:10)
  Menkaure (D:7)
  2 water moccasins (D:8)
  An acid dragon (D:11)
  7 orc warriors
  A sky beast (D:4)
  A black bear (shapeshifter) (D:14)
  2 laughing skulls (D:14)
  8 ogres
  2 phantoms (D:5)
  A centaur (D:9)
  3 kobold brigands
  9 bullfrogs
  2 scorpions
  10 wights
  2 troll zombies (D:10)
  5 killer bees (D:7)
  11 howler monkeys
  3 electric eels
  2 jellies
  3 bombardier beetles
  5 hounds
  8 orc priests
  2 sleepcaps
  Jessica (D:2)
  5 iguanas
  Natasha (thrice) (D:3)
  5 orc wizards
  6 ogre zombies (D:10)
  9 adders
  A shadow imp (D:6)
  A white imp (D:7)
  2 ufetubi (D:5)
  9 dart slugs
  A ribbon worm (D:2)
  38 orcs
  4 ball pythons
  10 endoplasms
  18 giant cockroaches
  3 goblins
  4 hobgoblins
  12 jackals
  5 quokkas
  6 bats
  10 frilled lizards
  2 gnoll skeletons (D:10)
  3 gnoll zombies (D:10)
  11 kobolds
  5 orc skeletons (D:10)
  15 orc zombies (D:10)
  8 rats
362 creatures vanquished.

Vanquished Creatures (collateral kills)
  A sphinx (D:12)
  A deep elf high priest (D:12)
  A rakshasa (D:12)
  A two-headed ogre (D:10)
  A centaur warrior (D:12)
  A boulder beetle (D:10)
  Nergalle (D:11)
  A slime creature (D:10)
  A wraith (D:11)
  A centaur (D:10)
  2 wights (D:9)
  An electric eel (D:12)
  2 howler monkeys (D:12)
  An orc (Orc:2)
  2 kobolds (D:8)
18 creatures vanquished.

Vanquished Creatures (others)
  A troll (Orc:2)
  2 ogres (Orc:2)
  A jelly (D:8)
  An orc (D:12)
5 creatures vanquished.

Grand Total: 385 creatures vanquished

Notes
Turn   | Place    | Note
-------+----------+-------------------------------------------
     0 | D:1      | spaghetti the Oni Berserker began the quest for the Orb.
     0 | D:1      | Reached XP level 1. HP: 24/24 MP: 1/1
   274 | D:1      | Reached XP level 2. HP: 32/32 MP: 2/2
   621 | D:1      | Reached XP level 3. HP: 38/39 MP: 3/3
   920 | D:2      | Noticed Jessica
   928 | D:2      | Killed Jessica
   928 | D:2      | Reached ** piety under Trog
   975 | D:2      | Reached XP level 4. HP: 48/48 MP: 4/4
  1151 | D:2      | Found a faded altar of an unknown god.
  1817 | D:3      | Noticed Natasha
  1823 | D:3      | Killed Natasha
  1948 | D:3      | Reached XP level 5. HP: 55/55 MP: 5/5
  2000 | D:3      | Noticed Natasha
  2006 | D:3      | Killed Natasha
  2022 | D:3      | Noticed Natasha
  2028 | D:3      | Killed Natasha
  2029 | D:3      | Reached skill level 5 in Fighting
  2029 | D:3      | Reached skill level 5 in Maces & Flails
  2049 | D:3      | Reached *** piety under Trog
  2236 | D:4      | Reached XP level 6. HP: 66/66 MP: 6/6
  2290 | D:4      | Found a glowing drain.
  2301 | Sewer    | Entered a sewer
  2515 | Sewer    | Reached XP level 7. HP: 47/74 MP: 7/7
  2550 | Sewer    | Identified the ring of Etur {+Blink rC+ Dex+4}
  2750 | D:4      | Reached **** piety under Trog
  2805 | D:4      | Found a staircase to the Ecumenical Temple.
  3366 | D:4      | Noticed Grinder
  3370 | D:4      | Killed Grinder
  3371 | D:4      | Reached skill level 5 in Dodging
  3371 | D:4      | Reached XP level 8. HP: 85/87 MP: 8/8
  3477 | D:5      | Entered Level 5 of the Dungeon
  3875 | D:5      | Found a bloodstained altar of Trog.
  3957 | D:5      | Found a stormy altar of Qazlal.
  4027 | D:6      | Noticed Eustachio
  4042 | D:6      | Killed Eustachio
  4069 | D:6      | Reached XP level 9. HP: 78/96 MP: 9/9
  4294 | D:6      | Found an opulent altar of Gozag.
  4456 | D:7      | Noticed Menkaure
  4475 | D:7      | Killed Menkaure
  4573 | D:7      | Found a hazy altar of Hepliaklqana.
  4619 | D:7      | Gained mutation: You are partially covered in iridescent
                  | scales. (AC +2) [potion of mutation]
  4619 | D:7      | Gained mutation: Your spells are a little harder to cast,
                  | but a little more powerful. [potion of mutation]
  4619 | D:7      | Gained mutation: You passively map a small area around you.
                  | [potion of mutation]
  4652 | D:7      | Found a shimmering blue altar of Sif Muna.
  4822 | D:8      | Reached ***** piety under Trog
  4843 | D:8      | Noticed Psyche
  4856 | D:8      | Killed Psyche
  4857 | D:8      | Reached skill level 10 in Maces & Flails
  5176 | D:8      | Reached XP level 10. HP: 105/109 MP: 10/10
  5289 | D:8      | Identified the ring "Doinufir" {Wiz rF+ Str+7 Int+4 Dex-3}
  5863 | D:9      | Reached skill level 10 in Fighting
  6009 | D:9      | Noticed a two-headed ogre
  6017 | D:9      | Killed a two-headed ogre
  6535 | D:10     | Entered Level 10 of the Dungeon
  6643 | D:10     | Noticed a boulder beetle
  6643 | D:10     | Noticed a two-headed ogre
  6646 | D:10     | Noticed a boulder beetle
  6650 | D:10     | Killed a two-headed ogre
  6653 | D:10     | Killed a boulder beetle
  6653 | D:10     | Noticed a tengu warrior
  6654 | D:10     | Reached XP level 11. HP: 120/120 MP: 11/11
  6662 | D:10     | Killed a boulder beetle
  6672 | D:10     | Killed a tengu warrior
  6678 | D:10     | Noticed a boulder beetle
  6693 | D:10     | Killed a boulder beetle
  6806 | D:10     | Identified the ring "Kukyseh" {rC+ Will+ rCorr Slay+3}
  6923 | D:10     | Found a staircase to the Orcish Mines.
  7218 | D:10     | Received a gift from Trog
  7343 | D:10     | Found a snail-covered altar of Cheibriados.
  7343 | D:10     | Found a glowing silver altar of Zin.
  7343 | D:10     | Found an ancient bone altar of Kikubaaqudgha.
  7348 | D:10     | Found an ornate altar of the Wu Jian Council.
  7351 | D:10     | Found a broken altar of Ashenzari.
  7355 | D:10     | Found a shimmering altar of Xom.
  7364 | D:10     | Found a glowing golden altar of the Shining One.
  7386 | D:10     | Found a radiant altar of Vehumet.
  7740 | D:10     | Found a sacrificial altar of Ru.
  7939 | D:11     | Found a staircase to the Lair.
  7985 | D:11     | Noticed a boulder beetle
  7993 | D:11     | Killed a boulder beetle
  8038 | D:11     | Noticed Erica
  8049 | D:11     | Killed Erica
  8145 | D:11     | Noticed Urug
  8153 | D:11     | Killed Urug
  8242 | D:11     | Noticed Maurice
  8244 | D:11     | Something stole a box of beasts
  8245 | D:11     | Killed Maurice
  8405 | D:11     | Noticed a tengu warrior
  8411 | D:11     | Killed a tengu warrior
  8412 | D:11     | Reached XP level 12. HP: 110/133 MP: 12/12
  8598 | D:11     | Noticed Josephine
  8608 | D:11     | Killed Josephine
  8622 | D:11     | Noticed Nergalle
  8626 | D:11     | Killed Nergalle
  9016 | D:12     | Noticed a boulder beetle
  9025 | D:12     | Killed a boulder beetle
  9161 | D:12     | Noticed a sphinx
  9161 | D:12     | Noticed a deep elf high priest
  9165 | D:12     | Noticed a centaur warrior
  9166 | D:12     | Noticed a rakshasa
  9168 | D:12     | Killed a sphinx
  9169 | D:12     | Killed a deep elf high priest
  9170 | D:12     | Reached skill level 10 in Dodging
  9171 | D:12     | Killed a centaur warrior
  9172 | D:12     | Reached skill level 15 in Maces & Flails
  9173 | D:12     | Killed a rakshasa
  9322 | D:12     | Found Iwniny's Weapon Boutique.
 10143 | D:13     | Reached XP level 13. HP: 68/146 MP: 13/13
 10966 | D:14     | Found a gate to the Vaults.
 11175 | D:14     | Reached skill level 15 in Fighting
 11311 | D:15     | Entered Level 15 of the Dungeon
 11512 | Orc:1    | Entered Level 1 of the Orcish Mines
 11710 | Orc:2    | Entered Level 2 of the Orcish Mines
 11909 | Orc:2    | HP: 7/153 [troll (5)]
 11909 | Orc:2    | Mangled by a two-headed ogre

Illustrated notes

Levels and vault maps discovered:
D:1:      dpeg_arrival_solitude, layout_basic
D:2:      cheibrodos_helix_gallery, layout_basic,
          dreamdust_ecumenical_altar_statues, chequers_serial_rivers_room_b,
          hex_tiny, uniq_jessica
D:3:      layout_rooms, uniq_natasha
D:4:      layout_basic, minmay_temple_entry_ruins, portal_sewer_entry_f,
          uniq_grinder
D:5:      layout_rooms, mainiacjoe_overflow_small_starburst,
          nicolae_qazlal_eye_of_the_storm
D:6:      layout_rooms, mainiacjoe_overflow_alcove_1, grunt_decor_arrowhead,
          uniq_eustachio
D:7:      layout_cave_pools, led_sif_book, mainiacjoe_overflow_brackets,
          serial_library_regret_index_split_case, uniq_menkaure
D:8:      layout_layer_cave, uniq_psyche
D:9:      layout_irregular_city
D:10:     layout_loops_ring, mainiacjoe_overflow_surrounded_room,
          nicolae_overflow_hallway_of_the_gods, zombieorc2_lemuel,
          roderic_roman_lattice, fountainhead, serial_bayou_pond_a,
          minmay_the_grid_2x2 [minmay_the_grid_plusring, minmay_the_grid_fan,
          minmay_the_grid_diamond_grid, minmay_the_grid_prize_trominoes]
D:11:     layout_stronghold, david_lair_shrubbed, uniq_nergalle, uniq_urug,
          uniq_erica, uniq_maurice, uniq_josephine
D:12:     minmay_outward_triangles, layout_basic, serial_shops, shop
D:13:     layout_roguey
D:14:     layout_basic, hellmonk_vaults_attempted_burglary,
          hangedman_corner_corridor
D:15:     gammafunk_enter_depths_forms, layout_small_grid, nicolae_water_bricks,
          uniq_azrael
Orc:1:    layout_diamond_mine
Orc:2:    st_orc_open, layout_caves, serial_shops,
          nicolae_shop_just_a_little_nook, gammafunk_ghost_split, library_closet

Skill      XL: |  1  2  3  4  5  6  7  8  9 10 11 12 13 |
---------------+----------------------------------------+-----
Maces & Flails | 4 5 6 7 8 10 12 13 15 16 | 16.0
Dodging        | 3 4 5 6 8 9 10 11 | 11.8
Fighting       | 5 7 8 9 11 12 14 16 | 16.2

Action                     |  1- 3 |  4- 6 |  7- 9 | 10-12 | 13-15 || total
---------------------------+-------+-------+-------+-------+-------++-------
  Melee: Mace              |    61 |    51 |       |       |       ||   112
         Headbutt          |    16 |    26 |    52 |    60 |    22 ||   176
         Morningstar       |       |    82 |   255 |   172 |       ||   509
         Great mace        |       |       |       |   110 |   133 ||   243
  Throw: Dart              |       |       |       |     3 |       ||     3
         Large rock        |       |       |       |       |     6 ||     6
 Invoke: Berserk           |     1 |     3 |     3 |    12 |     6 ||    25
         Trog's Hand       |       |       |     3 |     5 |     5 ||    13
         Brothers in Arms  |       |       |       |     7 |     1 ||     8
  Evoke: Wand              |       |     3 |       |       |     5 ||     8
         Box of beasts     |       |       |       |     1 |     1 ||     2
         Phantom mirror    |       |       |       |       |     1 ||     1
         Condenser vane    |       |       |       |       |     1 ||     1
    Use: Scroll            |       |     5 |     7 |     4 |     3 ||    19
         Potion            |       |     6 |     4 |     4 |     7 ||    21
   Stab: Sleeping          |       |     5 |     1 |       |       ||     6
         Invisible         |       |     1 |       |       |     2 ||     3
         Distracted        |       |       |       |     1 |       ||     1
 Armour: Animal skin       |    49 |   107 |   205 |   213 |       ||   574
         Acid dragon scale |       |       |       |    74 |   219 ||   293
  Dodge: Dodged            |    32 |   102 |   213 |   173 |   163 ||   683

Table legend: (Time is in decaauts)
 A = Elapsed time spent in this place.
 B = Non-inter-level travel time spent in this place.
 C = Inter-level travel time spent in this place.
 D = Time resting spent in this place.
 E = Time spent auto-exploring this place.
 F = Levels seen in this place.
 G = Mean time per level.
                   A        B        C        D        E       F      G
               +--------+--------+--------+--------+--------+-----+--------+
         Total |  12359 |  11736 |    623 |   1026 |   8358 |  18 |  686.6 |
       Dungeon |  11656 |  11057 |    599 |    973 |   8058 |  15 |  777.1 |
  Orcish Mines |    432 |    408 |     24 |     21 |    243 |   2 |  216.0 |
         Sewer |    270 |    270 |      0 |     32 |     57 |   1 |  270.0 |
               +--------+--------+--------+--------+--------+-----+--------+

Top non-repeatable levels by time:
    D:10: 1384 daAuts
    D:12: 1358 daAuts
     D:8: 1098 daAuts
    D:11: 1074 daAuts
     D:4: 1005 daAuts
     D:1: 927 daAuts
    D:13: 907 daAuts
     D:2: 897 daAuts
     D:9: 814 daAuts
     D:5: 552 daAuts
     D:3: 479 daAuts
     D:6: 426 daAuts
    D:14: 420 daAuts
   Sewer: 270 daAuts
     D:7: 258 daAuts
